AoeStats
← StrangeCloud

Hideout

507373355Analyzed
1v1 RM · 1mo ago on Sep 17, 2026· 47m 57s· 2 players
Game mode
Random Map
Map size
Tiny (2 player)
Population
200
Speed
Normal
Resources
Standard
Victory
Conquest
Starting age
Dark Age
Ending age
Imperial Age
RankedLock teamsTeams togetherTeam positionsShared explorationLock speedFull tech treeHidden civsTurbo modeCheats
Victory
Defeat
🇺🇸 Tupi · United States
1499
+19
vs
🇧🇷 Vietnamese · Brazil
1573
-19
StrangeCloud
5:29 Loom
7:55 Feudal Age
9:34 Double-Bit Axe
9:32 Horse Collar
13:16 Fletching
19:49 Castle Age
18:17 Stone Mining
19:10 Gold Mining
20:34 Bodkin Arrow
22:38 Bow Saw
23:07 Wheelbarrow
24:04 Heavy Plow
31:10 Town Watch
32:09 Hand Cart
38:51 Imperial Age
36:50 Redemption
36:46 Scale Mail Armor
36:56 Forging
37:31 Gold Shaft Mining
37:50 Chain Mail Armor
37:38 Padded Archer Armor
39:31 Iron Casting
38:18 Champi Runner
38:58 Squires
39:43 Bracer
39:58 Leather Archer Armor
40:10 Ballistics
40:51 Chemistry
39:49 Champi Warrior
40:15 Arson
41:10 Elite Champi Warrior
42:18 Conscription
44:18 Two-Man Saw
46:35 Plate Mail Armor
45:52 Treadmill Crane
45:58 Arrowslits
48:58 Hoardings
Anorak
7:21 Loom
10:14 Feudal Age
15:15 Castle Age
32:40 Imperial Age
31:20 Fletching
31:40 Double-Bit Axe
32:59 Bodkin Arrow
34:02 Bracer
39:23 Padded Archer Armor
41:31 Ballistics
Connection lost

Rejoining the realm…

Still unreachable

The connection could not be restored.

Session expired

The server has moved on; the page needs a fresh start.